 Dungeon Crawl Stone Soup version 0.31-a0-232-gb1c03b2570 (webtiles) character file.

Game seed: 14882245378992685809

39585 MacCMillion the Severer (level 13, -10/126 HPs)
             Began as a Minotaur Fighter on July 7, 2023.
             Was a Priest of Ru.
             Killed from afar by a lindwurm (23 damage)
             ... with a blast of flame
             ... on level 5 of the Lair of Beasts.
             The game lasted 00:27:36 (15650 turns).

MacCMillion the Severer (Minotaur Fighter)         Turns: 15650, Time: 00:27:37

Health: -10/126    AC: 15    Str: 35    XL:     13   Next: 70%
Magic:  21/21      EV:  8    Int:  5    God:    Ru [***...]
Gold:   1093       SH:  5    Dex: 10    Spells: 12/12 levels left

rFire   . . .        S - +8 flail "Dumaj" {spect, rElec MP+9 Str+3}
rCold   . . .        c - +0 buckler
rNeg    . . .        t - +0 plate armour
rPois   .            (helmet restricted)
rElec   +            y - +0 cloak
rCorr   .            I - +1 pair of gloves
SInv    .            w - +0 pair of boots
Will    .....        z - amulet of regeneration Stlth
                     K - +4 ring of protection
HPRegen 1.21/turn    M - +6 ring of strength
MPRegen 0.17/turn

%: no passive effects
@: corroded
A: horns 2, screaming 1, no stealth, inability to train dodging, no conjurations
magic, no poison magic, no transmutations magic, retaliatory headbutt
a: Renounce Religion, Draw Out Power


You were on level 5 of the Lair of Beasts.
You worshipped Ru.
Ru was most pleased with you.
You visited 3 branches of the dungeon, and saw 17 of its levels.

You collected 1115 gold pieces.
You spent 22 gold pieces at shops.

Inventory:

Hand Weapons
 a - a +0 war axe
 L - a +0 broad axe
 Q - a +2 flail of venom
 S - the +8 flail "Dumaj" (weapon) {spect, rElec MP+9 Str+3}
   (You found it on level 2 of the Lair of Beasts)

   Str:       It affects your strength (+3).
   rElec:     It insulates you from electricity.
   MP:        It affects your magic capacity (+9).
Missiles
 J - 2 throwing nets
Armour
 c - a +0 buckler (worn)
 t - a +0 plate armour (worn)
 w - a +0 pair of boots (worn)
 y - a +0 cloak (worn)
 I - a +1 pair of gloves (worn)
Jewellery
 z - an amulet of regeneration (around neck)
 B - a ring of positive energy
 H - a ring of protection from cold
 K - a +4 ring of protection (left hand)
 M - a +6 ring of strength (right hand)
 P - an amulet of reflection
 R - a +6 ring of dexterity
 U - an amulet of faith
Wands
 n - a wand of flame (35)
 v - a wand of mindburst (36)
 G - a wand of polymorph (11)
 N - a wand of iceblast (11)
 T - a wand of digging (4)
Scrolls
 b - 3 scrolls of torment
 d - 2 scrolls of silence
 f - 4 scrolls of fog
 g - 6 scrolls of blinking
 i - 2 scrolls of poison
 l - 8 scrolls of teleportation
 m - 2 scrolls of amnesia
 q - a scroll of immolation
 r - 4 scrolls of vulnerability
 E - a scroll of enchant armour
 F - a scroll of brand weapon
 O - 3 scrolls of enchant weapon
Potions
 e - 2 potions of heal wounds
 h - 4 potions of enlightenment
 j - 4 potions of haste
 k - 4 potions of magic
 o - 3 potions of mutation
 p - 2 potions of ambrosia {unknown}
 s - 2 potions of berserk rage {unknown}
 u - 5 potions of curing
 x - 6 potions of brilliance
 A - 3 potions of degeneration
 C - 3 potions of attraction
 D - 3 potions of might


   Skills:
 - Level 15.0 Fighting
 - Level 18.0 Axes
 + Level 15.8 Armour
 - Level 6.0 Shields


You had 12 spell levels left.
You didn't know any spells.
Your spell library contained the following spells:

 Spells                   Type           Power      Damage    Failure   Level
 Freeze                   Ice            0%         1d3       94%         1
 Call Imp                 Summ           0%         N/A       98%         2
 Frozen Ramparts          Ice            0%         1d1       100%        3
 Gell's Gravitas          Tloc           0%         N/A       100%        3
 Teleport Other           Tloc           0%         N/A       100%        3
 Borgnjor's Vile Clutch   Necr/Erth      0%         N/A       100%        5
 Summon Forest            Summ/Tloc      0%         N/A       100%        5
 Dispersal                Tloc           0%         N/A       100%        6
 Summon Hydra             Summ           0%         N/A       100%        7
 Ignition                 Fire           0%         3d3       100%        8
 Magic Dart               Conj           Unusable   1d3       N/A         1
 Hailstorm                Conj/Ice       Unusable   3d3       N/A         3
 Ignite Poison            Fire/Tmut/Pois Unusable   N/A       N/A         3
 Mephitic Cloud           Conj/Pois/Air  Unusable   N/A       N/A         3
 Sticky Flame             Conj/Fire      Unusable   2d3       N/A         4
 Alistair's Intoxication  Tmut/Pois      Unusable   N/A       N/A         5
 Eringya's Noxious Bog    Tmut/Pois      Unusable   4d6       N/A         6

Dungeon Overview and Level Annotations

Branches:
Dungeon (11/15)            Temple (1/1) D:4            Lair (5/5) D:11
 Shoals (0/4) Lair:3        Snake (0/4) Lair:3        Slime (0/5) Lair:4
    Orc (0/2) D:11

Altars:
Ashenzari
Cheibriados
Dithmenos
Elyvilon
Fedhas
Gozag
Hepliaklqana
Kikubaaqudgha
Makhleb
Nemelex Xobeh
Okawaru
Qazlal
Ru
Sif Muna
Trog
Uskayaw
Vehumet
Wu Jian
Xom
Yredelemnul
Zin
The Shining One
Jiyva

Shops:
D:2 *   D:10 *

Annotations:
D:7 2 transporters


Innate Abilities, Weirdness & Mutations

You have a pair of horns on your head.
You occasionally shout uncontrollably at your foes.
You cannot be stealthy.
You cannot train Dodging skill.
You cannot study or cast Conjurations magic.
You cannot study or cast Poison magic.
You cannot study or cast Transmutations magic.
You reflexively headbutt those who attack you in melee.


Message History

The skyshark tail-slaps your +8 flail "Dumaj" {spect, rElec MP+9 Str+3}!
Your spectral weapon shares its damage with you!
You focus your inner power and illuminate the skyshark in retribution!
The skyshark misses your +8 flail "Dumaj" {spect, rElec MP+9 Str+3}.
The blink frog blinks!
The goliath frog hits you from afar. The acid corrodes you!
You are splashed with acid!
You focus your inner power and illuminate the goliath frog in retribution!
You thump the skyshark!
You headbutt the skyshark, but do no damage.
The skyshark is almost dead.
Your +8 flail "Dumaj" {spect, rElec MP+9 Str+3} hits the skyshark but does no damage.
The skyshark misses your +8 flail "Dumaj" {spect, rElec MP+9 Str+3}.
The skyshark tail-slaps your +8 flail "Dumaj" {spect, rElec MP+9 Str+3}.
Your spectral weapon shares its damage with you!
The skyshark tail-slaps your +8 flail "Dumaj" {spect, rElec MP+9 Str+3}.
Your spectral weapon shares its damage with you!
The blink frog closely misses you.
The goliath frog hits you but does no damage.
The skyshark closely misses your +8 flail "Dumaj" {spect, rElec MP+9 Str+3}. x2
The skyshark tail-slaps your +8 flail "Dumaj" {spect, rElec MP+9 Str+3}.
Your spectral weapon shares its damage with you!
You hit the skyshark.
You kill the skyshark!
Your +8 flail "Dumaj" {spect, rElec MP+9 Str+3} disappears.
The blink frog closely misses you. The goliath frog hits you from afar!
* * * LOW HITPOINT WARNING * * *
You are splashed with acid!
* * * LOW HITPOINT WARNING * * *
The blink frog hits you.
* * * LOW HITPOINT WARNING * * *
The blink frog blinks!
The lindwurm attacks as you move away!
The lindwurm bites you but does no damage.
The lindwurm claws you.
* * * LOW HITPOINT WARNING * * *
The lindwurm claws you.
* * * LOW HITPOINT WARNING * * *
The lindwurm breathes flames at you. The blast of flame hits you!!
You die...

...~..##..##..#
..............#
~..~.........##.##
~~.~...........#.##
~.?.P........F..#.#
~.P...............##
~...#.†k...........#
~~....F.†...........
.~~.F..§@..†........
~~~~.P..†.†......#
≈~.#...........###
~P ###....†..### .
#..#.P..## ###....##
#.#..# ###..# #..#


You could see a lindwurm (catching breath), a goliath frog (corona), a cane toad
and a blink frog.

Vanquished Creatures
  A catoblepas (Lair:1)
  4 hydras
  Erica (D:11)
  2 two-headed ogres (D:11)
  A boulder beetle (Lair:5)
  10 death yaks
  2 skysharks
  A manticore (Lair:3)
  2 cyclopes
  4 black mambas
  2 molten gargoyles (Lair:3)
  9 cane toads
  Maggie (D:7)
  A gargoyle (D:8)
  5 komodo dragons
  2 rime drakes
  A wind drake (Lair:3)
  8 polar bears
  Prince Ribbit (Lair:2)
  4 trolls
  16 blink frogs
  Grinder (D:3)
  Sigmund (D:3)
  3 wraiths
  3 wyverns
  24 yaks
  Grum (D:11)
  A steam dragon (D:7)
  A basilisk (Lair:2)
  Menkaure (D:5)
  4 vampire mosquitoes
  3 acid dragons (D:11)
  2 nagas (Lair:3)
  Duvessa (D:5)
  15 water moccasins
  2 orc warriors
  A sky beast (D:7)
  An ice beast (D:6)
  13 black bears
  5 centaurs
  An ogre (D:5)
  6 wolves
  A phantom (D:5)
  Blork the orc (D:6)
  2 kobold brigands
  14 bullfrogs
  A gnoll sergeant (D:10)
  A scorpion (D:4)
  Dowan (D:5)
  11 killer bees
  An electric eel (D:7)
  5 lava snakes (Lair:3)
  6 orc priests
  5 hounds
  Crazy Yiuf (D:4)
  A gnoll bouda (D:8)
  A sleepcap (D:6)
  4 iguanas
  11 orc wizards
  9 adders
  14 gnolls
  A shadow imp (D:6)
  2 white imps
  4 worms
  5 dart slugs
  45 orcs
  7 bats
  4 endoplasms
  5 goblins
  4 hobgoblins
  2 quokkas
  8 ball pythons
  3 frilled lizards
  19 kobolds
  4 rats
371 creatures vanquished.

Vanquished Creatures (others)
  A hydra (Lair:5)
  A black mamba (Lair:4)
  A water moccasin (Lair:3)
  2 spectral weapons
5 creatures vanquished.

Grand Total: 376 creatures vanquished

Notes
Turn   | Place    | Note
-------+----------+-------------------------------------------
     0 | D:1      | MacCMillion the Minotaur Fighter began the quest for the
                  | Orb.
     0 | D:1      | Reached XP level 1. HP: 19/19 MP: 0/0
   105 | D:1      | Reached skill level 3 in Axes
   105 | D:1      | Reached XP level 2. HP: 26/26 MP: 1/1
   409 | D:1      | Reached XP level 3. HP: 31/31 MP: 2/2
   468 | D:1      | Reached skill level 4 in Axes
   892 | D:2      | Reached XP level 4. HP: 39/39 MP: 3/3
   907 | D:2      | Reached skill level 5 in Axes
  1228 | D:2      | Found Ziunuz's General Store.
  1235 | D:2      | Bought a scroll of identify for 22 gold pieces
  1821 | D:3      | Noticed Sigmund
  1831 | D:3      | Killed Sigmund
  1832 | D:3      | Reached skill level 7 in Axes
  1832 | D:3      | Reached XP level 5. HP: 39/45 MP: 4/4
  1832 | D:3      | Reached XP level 6. HP: 44/51 MP: 5/5
  1967 | D:3      | Noticed Grinder
  1971 | D:3      | Paralysed by Grinder for 4 turns
  1976 | D:3      | Paralysed by Grinder for 4 turns
  1990 | D:3      | Killed Grinder
  1991 | D:3      | Reached skill level 8 in Axes
  2067 | D:3      | Reached skill level 9 in Axes
  2067 | D:3      | Reached XP level 7. HP: 19/57 MP: 6/6
  2610 | D:3      | Found a faded altar of an unknown god.
  3308 | D:4      | Reached skill level 10 in Axes
  3483 | D:4      | Found a hide-covered altar of Uskayaw.
  3593 | D:4      | Found a runed translucent door.
  3594 | D:4      | Noticed Crazy Yiuf
  3602 | D:4      | Killed Crazy Yiuf
  3761 | D:4      | Found a staircase to the Ecumenical Temple.
  3807 | Temple   | Entered the Ecumenical Temple
  4023 | Temple   | Became a worshipper of Ru the Awakened
  4162 | D:5      | Entered Level 5 of the Dungeon
  4193 | D:5      | Reached skill level 1 in Dodging
  4384 | D:5      | Reached XP level 8. HP: 66/66 MP: 7/7
  4412 | D:5      | Noticed Dowan
  4418 | D:5      | Noticed Duvessa
  4433 | D:5      | Killed Dowan
  4438 | D:5      | Killed Duvessa
  4913 | D:5      | Reached skill level 5 in Shields
  5205 | D:5      | Noticed Menkaure
  5211 | D:5      | Killed Menkaure
  5212 | D:5      | Reached skill level 5 in Fighting
  5212 | D:5      | Reached skill level 5 in Armour
  5417 | D:5      | Found a shadowy altar of Dithmenos.
  5544 | D:6      | Gained mutation: You cannot train Dodging skill. [Ru
                  | sacrifice]
  5544 | D:6      | Reached * piety under Ru
  5836 | D:6      | Noticed Blork the orc
  5845 | D:6      | Killed Blork the orc
  5940 | D:6      | Reached skill level 11 in Axes
  6303 | D:6      | Reached XP level 9. HP: 68/75 MP: 8/8
  6470 | D:7      | Found a transporter.
  6471 | D:7      | Found a transporter.
  6491 | D:7      | Noticed Maggie
  6511 | D:7      | Killed Maggie
  6798 | D:7      | Reached skill level 12 in Axes
  7038 | D:7      | Identified the +1 sling of Fedhas's Supremacy {drain,
                  | Str+4}
  7038 | D:7      | Identified the ring "Yddi" {rF+ Str+3 SInv}
  7192 | D:8      | Noticed a gargoyle
  7219 | D:8      | Killed a gargoyle
  7220 | D:8      | Reached XP level 10. HP: 68/90 MP: 9/9
  7480 | D:8      | Gained mutation: You cannot study or cast Poison magic. [Ru
                  | sacrifice]
  7480 | D:8      | Gained mutation: You cannot study or cast Transmutations
                  | magic. [Ru sacrifice]
  7480 | D:8      | Gained mutation: You cannot study or cast Conjurations
                  | magic. [Ru sacrifice]
  7480 | D:8      | Reached ** piety under Ru
  7749 | D:8      | Found a snail-covered altar of Cheibriados.
  7901 | D:8      | Found a white marble altar of Elyvilon.
  8089 | D:9      | Found an ancient bone altar of Kikubaaqudgha.
  8089 | D:9      | Found a broken altar of Ashenzari.
  8090 | D:9      | Found a glowing golden altar of the Shining One.
  8142 | D:9      | Reached skill level 13 in Axes
  8168 | D:9      | Noticed a cyclops
  8178 | D:9      | Killed a cyclops
  8519 | D:9      | Reached skill level 10 in Fighting
  9105 | D:10     | Entered Level 10 of the Dungeon
  9131 | D:10     | Reached skill level 14 in Axes
  9312 | D:10     | Found Savuek's Gadget Gallery.
  9516 | D:10     | Reached skill level 15 in Axes
  9699 | D:11     | Reached XP level 11. HP: 99/99 MP: 10/10
  9716 | D:11     | Found a staircase to the Lair.
  9732 | D:11     | Gained mutation: You cannot be stealthy. [Ru sacrifice]
  9732 | D:11     | Reached *** piety under Ru
  9871 | D:11     | Identified the +2 mace "Giat" {holy, Fragile Int+3 Dex+2}
 10015 | D:11     | Noticed a two-headed ogre
 10032 | D:11     | Killed a two-headed ogre
 10033 | D:11     | Reached skill level 16 in Axes
 10048 | D:11     | Noticed Grum
 10147 | D:11     | Killed Grum
 10176 | D:11     | Noticed Erica
 10187 | D:11     | Killed Erica
 10340 | D:11     | Noticed a two-headed ogre
 10349 | D:11     | Killed a two-headed ogre
 10350 | D:11     | Reached skill level 17 in Axes
 10563 | D:11     | Found a staircase to the Orcish Mines.
 11227 | Lair:1   | Entered Level 1 of the Lair of Beasts
 11278 | Lair:1   | Noticed a catoblepas
 11288 | Lair:1   | Killed a catoblepas
 11324 | Lair:1   | Identified the +1 helmet of Cocytus {rElec}
 11376 | Lair:1   | Reached skill level 18 in Axes
 11659 | Lair:1   | Reached XP level 12. HP: 93/110 MP: 11/11
 11910 | Lair:1   | Reached skill level 10 in Armour
 12384 | Lair:2   | Noticed a four-headed hydra
 12629 | Lair:2   | Killed a four-headed hydra
 12775 | Lair:2   | Identified the +8 flail "Dumaj" {spect, rElec MP+9 Str+3}
 12868 | Lair:2   | Noticed a six-headed hydra
 12889 | Lair:2   | Noticed Prince Ribbit
 12906 | Lair:2   | Killed a six-headed hydra
 12957 | Lair:2   | Killed Prince Ribbit
 13833 | Lair:3   | Found a staircase to the Shoals.
 13856 | Lair:3   | Reached XP level 13. HP: 95/124 MP: 12/12
 14142 | Lair:3   | Found a staircase to the Snake Pit.
 14675 | Lair:4   | Found a staircase to the Slime Pits.
 14676 | Lair:4   | Found a viscous altar of Jiyva.
 14711 | Lair:4   | Reached skill level 15 in Fighting
 14837 | Lair:4   | Gained mutation: You occasionally shout uncontrollably at
                  | your foes. [Ru sacrifice]
 14843 | Lair:4   | You fall into a shaft and drop 1 floor!
 14843 | Lair:5   | Entered Level 5 of the Lair of Beasts
 14886 | Lair:4   | Reached skill level 15 in Armour
 15650 | Lair:5   | Killed from afar by a lindwurm

Illustrated notes

Levels and vault maps discovered:
D:1:      lightli_arrival_maybe_door_vault, layout_loops_ring,
          hangedman_decor_points
D:2:      layout_loops_ring, serial_shops, nicolae_shop_stone,
          chequers_big_river
D:3:      layout_loops_corners, serial_bayou, serial_bayou_pond_b,
          serial_bayou_pond_e, serial_bayou_crossing, serial_bayou_pond_c,
          hellmonk_ecumenical_altar_zigzags, uniq_grinder, uniq_sigmund
D:4:      layout_basic, nicolae_uskayaw_dance_hall,
          minmay_temple_entry_overgrown, uniq_crazy_yiuf_cottage
D:5:      layout_gridville, lemuel_crystal_altar, uniq_menkaure, uniq_duvessa
D:6:      hellmonk_ruined_rings, layout_loops_corners, uniq_blork_the_orc
D:7:      layout_cave_pools, gammafunk_ghost_gnarly_gnolls,
          nicolae_water_bricks, minmay_fountain_box, uniq_maggie
D:8:      layout_basic, nicolae_elyvilon_temple_path,
          mainiacjoe_overflow_alcove_1
D:9:      layout_basic, gammafunk_temple_overflow_forgotten
D:10:     layout_rooms, hangedman_decor_opposing, nicolae_shop_gadgets
D:11:     layout_layer_cave, due_lair_maze_entry_diamond, orc_0_dummy,
          gauntlet_entry_generic, uniq_grum, uniq_erica
Temple:   bh_familiar_temple
Lair:1:   layout_gridlike, beast_lair_carwin_9
Lair:2:   beast_lair_carwin_large_4, layout_chaotic_city,
          hangedman_lair_unloving_vines, uniq_prince_ribbit2
Lair:3:   cheibrodos_magma_flow, layout_chaotic_city,
          minmay_shoals_entry_beasts, guppyfry_snake_entry_island,
          serial_bayou_pond_a
Lair:4:   layout_cave_pods, slime_entry_1, grunt_megastairs_5
Lair:5:   minmay_lair_end_frog_pond, layout_cave_pods

Skill      XL: |  1  2  3  4  5  6  7  8  9 10 11 12 13 |
---------------+----------------------------------------+-----
Shields        | 4 6 |  6.0
Axes           | 3 4 7 9 10 11 12 15 18 | 18.0
Armour         | 4 6 8 9 12 15 | 15.8
Dodging        | 1 0 |  0.0
Fighting       | 4 5 8 10 11 14 15 | 15.0

Action                     |  1- 3 |  4- 6 |  7- 9 | 10-12 | 13-15 || total
---------------------------+-------+-------+-------+-------+-------++-------
  Melee: War axe           |    47 |    72 |   307 |   116 |       ||   542
         Headbutt          |     6 |     9 |    61 |   115 |    43 ||   234
         Broad axe         |       |       |       |   442 |       ||   442
         Flail             |       |       |       |    47 |   124 ||   171
 Invoke: Sacrifice Nimblen |       |       |     1 |       |       ||     1
         Sacrifice Arcana  |       |       |       |     1 |       ||     1
         Sacrifice Stealth |       |       |       |     1 |       ||     1
         Reject Sacrifices |       |       |       |     1 |       ||     1
         Sacrifice Purity  |       |       |       |       |     1 ||     1
  Evoke: Wand              |       |       |       |     1 |       ||     1
    Use: Scroll            |       |     4 |       |    12 |     5 ||    21
         Potion            |       |     1 |       |     1 |       ||     2
   Stab: Distracted        |       |       |     1 |     1 |     1 ||     3
         Invisible         |       |       |       |     1 |       ||     1
 Armour: Scale mail        |    24 |    18 |       |       |       ||    42
         Plate armour      |       |    13 |   147 |   359 |    74 ||   593
  Dodge: Dodged            |    21 |    23 |    77 |   181 |    47 ||   349
  Block: Buckler           |     7 |    17 |    68 |   126 |    28 ||   246

Table legend: (Time is in decaauts)
 A = Elapsed time spent in this place.
 B = Non-inter-level travel time spent in this place.
 C = Inter-level travel time spent in this place.
 D = Time resting spent in this place.
 E = Time spent auto-exploring this place.
 F = Levels seen in this place.
 G = Mean time per level.
                   A        B        C        D        E       F      G
               +--------+--------+--------+--------+--------+-----+--------+
         Total |  15567 |  14966 |    601 |   1863 |  10360 |  17 |  915.7 |
       Dungeon |  11087 |  10644 |    443 |   1368 |   7420 |  11 | 1007.9 |
        Temple |    247 |    217 |     30 |      0 |    161 |   1 |  247.0 |
          Lair |   4232 |   4105 |    127 |    495 |   2779 |   5 |  846.4 |
               +--------+--------+--------+--------+--------+-----+--------+

Top non-repeatable levels by time:
    D:11: 1499 daAuts
     D:5: 1350 daAuts
     D:3: 1209 daAuts
  Lair:3: 1152 daAuts
     D:4: 1126 daAuts
  Lair:2: 1031 daAuts
     D:9: 1028 daAuts
     D:6: 1016 daAuts
  Lair:1: 1013 daAuts
     D:2: 959 daAuts
  Lair:4: 955 daAuts
     D:8: 834 daAuts
     D:7: 712 daAuts
    D:10: 675 daAuts
     D:1: 673 daAuts
